 Dungeon Crawl Stone Soup version 0.31-a0-321-g19405a7a6a (webtiles) character file.

Game seed: 1727638741470052781

95 pokeman the Magician (level 4, -2/25 HPs)
             Began as a Deep Elf Hedge Wizard on July 17, 2023.
             Slain by a river rat (6 damage)
             ... in a sewer.
             The game lasted 00:04:28 (2969 turns).

pokeman the Magician (Deep Elf Hedge Wizard)        Turns: 2969, Time: 00:04:28

Health: -2/25      AC:  2    Str:  7    XL:     4   Next: 39%
Magic:  0/13       EV: 12    Int: 21    God:
Gold:   126        SH:  0    Dex: 14    Spells: 6/14 levels left

rFire   . . .        a - +0 dagger
rCold   . . .        (no shield)
rNeg    . . .        b - +0 robe
rPois   .            c - +0 hat
rElec   .            (no cloak)
rCorr   .            (no gloves)
SInv    .            (no boots)
Will    .....        (no amulet)
Stlth   ++           (no ring)
HPRegen 0.24/turn    (no ring)
MPRegen 0.13/turn

%: no passive effects
@: no status effects
A: no striking features
a: no special abilities


You were in a sewer.
You visited 1 branch of the dungeon, and saw 3 of its levels.
You also visited: Sewer.

You collected 126 gold pieces.

Inventory:

Hand Weapons
 a - a +0 dagger (weapon)
Armour
 b - a +0 robe (worn)
 c - a +0 hat (worn)
 g - a +0 buckler
Scrolls
 f - 2 scrolls of enchant armour {unknown}
 h - a scroll of immolation {unknown}
 i - 3 scrolls of teleportation {unknown}
 j - a scroll of blinking {unknown}
 k - a scroll of butterflies {unknown}
 l - a scroll of identify {unknown}
Potions
 d - a potion of magic
 e - a potion of mutation {unknown}


   Skills:
 - Level 1.0 Fighting
 - Level 1.0 Armour
 + Level 2.7 Dodging
 - Level 2.4 Stealth
 + Level 0.4 Shields
 * Level 5.7 Spellcasting
 + Level 2.2 Conjurations
 - Level 1.1 Summonings
 - Level 1.1 Translocations


You had 6 spell levels left.
You knew the following spells:

 Your Spells              Type           Power      Damage    Failure   Level
a - Magic Dart            Conj           60%        1d6       4%          1
b - Mephitic Cloud        Conj/Pois/Air  9%         N/A       22%         3
c - Call Imp              Summ           20%        N/A       10%         2
d - Blink                 Tloc           20%        N/A       10%         2

Your spell library contained the following spells:

 Spells                   Type           Power      Damage    Failure   Level
 Slow                     Hex            20%        N/A       10%         1
 Cigotuvi's Dreadful Rot  Necr/Pois/Air  10%        N/A       16%         2
 Sublimation of Blood     Necr           5%         N/A       16%         2
 Anguish                  Hex/Necr       2%         N/A       69%         4
 Simulacrum               Ice/Necr       2%         N/A       100%        6


Dungeon Overview and Level Annotations

Branches:
Dungeon (3/15)              Sewer (1/1)

Altars:


Message History

Unknown command.
Unknown command.
You hit the river rat but do no damage.
The river rat is severely wounded.
The river rat is engulfed in noxious fumes.
The river rat appears confused.
The river rat barely misses you.
The rat is engulfed in noxious fumes.
The rat appears confused.
The rat closely misses you.
Unknown command.
You hit the river rat.
You kill the river rat!
The rat bites the river rat.
Unknown command.
You hit the river rat but do no damage.
The river rat is lightly wounded.
The rat bites the rat.
The rat barely misses itself.
Unknown command.
You hit the river rat.
The river rat is heavily wounded.
You hit the river rat.
The river rat is severely wounded.
The rat closely misses you. The river rat completely misses you.
The rat bites the rat but does no damage.
Unknown command.
Casting: Mephitic Cloud (extremely dangerous; 22% risk of failure)
Confirm with . or Enter, or press ? or * to list all spells.
Aiming: Magic Dart (safe; 4% risk of failure)
Press: ? - help, Shift-Dir - straight line, f - rat, p - river rat
Aim: a rat (100% to hit)
The magic dart hits the rat.
The rat is severely wounded.
The rat barely misses you. The river rat barely misses you.
The rat completely misses you.
A river rat comes into view.
The rat barely misses you.
You hit the river rat but do no damage.
The river rat is severely wounded.
The rat bites you but does no damage. The rat closely misses you.
The river rat bites you.
You die...

#########
###.~~∩..~###
#~~~~~∩r.~..###
.~~~~#####~....#
~..# ###~rr## ~.
##r@r# . #...#
#~.~# ..~##
..~.# ..~###
..## ###


You could see 2 river rats and 3 rats.

Vanquished Creatures
  A river rat (Sewer)
  4 adders
  A worm (D:2)
  3 dart slugs
  3 endoplasms
  A giant cockroach (D:1)
  4 goblins
  3 hobgoblins (D:2)
  3 jackals (D:1)
  3 quokkas
  5 ball pythons
  A bat (D:1)
  2 frilled lizards
  2 kobolds
  7 rats
43 creatures vanquished.

Notes
Turn   | Place    | Note
-------+----------+-------------------------------------------
     0 | D:1      | pokeman the Deep Elf Hedge Wizard began the quest for the
                  | Orb.
     0 | D:1      | Reached XP level 1. HP: 10/10 MP: 7/7
   385 | D:1      | Reached XP level 2. HP: 16/16 MP: 6/9
   835 | D:1      | Reached skill level 5 in Spellcasting
  1318 | D:2      | Reached XP level 3. HP: 20/20 MP: 7/11
  1322 | D:2      | Learned a level 3 spell: Mephitic Cloud
  1325 | D:2      | Learned a level 2 spell: Call Imp
  1328 | D:2      | Learned a level 2 spell: Blink
  1473 | D:2      | HP: 1/20 [poisoned by an adder]
  1731 | D:2      | Reached skill level 1 in Fighting
  1731 | D:2      | Reached skill level 1 in Armour
  2380 | D:2      | Reached XP level 4. HP: 25/25 MP: 8/13
  2477 | D:2      | Got the Quarto of the Old and Reckless
  2933 | D:3      | Found a glowing drain.
  2942 | Sewer    | Entered a sewer
  2956 | Sewer    | HP: 1/25 [river rat (9)]
  2969 | Sewer    | Slain by a river rat

Illustrated notes

Levels and vault maps discovered:
D:1:      psy_arrival_wood_between_worlds, layout_loops_ring
D:2:      layout_basic, patterned_corridor
D:3:      layout_basic, serial_shops, shop, portal_sewer_entry_d, uniq_ijyb
Sewer:    sewer_hellmonk_bad_rat

Skill      XL: |  1  2  3 |
---------------+----------+-----
Spellcasting   | 5 |  5.7
Fighting       | 1 |  1.0
Armour         | 1 |  1.0
Conjurations   | 2 |  2.2
Dodging        | |  2.7
Stealth        | |  2.4
Shields        | |  0.4
Summonings     | |  1.1
Translocations | |  1.1

Action                     |  1- 3 |  4- 6 || total
---------------------------+-------+-------++-------
  Melee: Dagger            |    16 |    10 ||    26
   Cast: Magic Dart        |    90 |    18 ||   108
         Mephitic Cloud    |     2 |     1 ||     3
    Use: Potion            |     1 |       ||     1
   Stab: Sleeping          |     2 |       ||     2
         Confused          |     1 |       ||     1
 Armour: Robe              |     5 |     4 ||     9
  Dodge: Dodged            |    15 |    30 ||    45

Table legend: (Time is in decaauts)
 A = Elapsed time spent in this place.
 B = Non-inter-level travel time spent in this place.
 C = Inter-level travel time spent in this place.
 D = Time resting spent in this place.
 E = Time spent auto-exploring this place.
 F = Levels seen in this place.
 G = Mean time per level.
                   A        B        C        D        E       F      G
               +--------+--------+--------+--------+--------+-----+--------+
         Total |   2981 |   2885 |     96 |      0 |   2617 |   4 |  745.2 |
       Dungeon |   2953 |   2857 |     96 |      0 |   2617 |   3 |  984.3 |
         Sewer |     27 |     27 |      0 |      0 |      0 |   1 |   27.0 |
               +--------+--------+--------+--------+--------+-----+--------+

Top non-repeatable levels by time:
     D:2: 1618 daAuts
     D:1: 1302 daAuts
     D:3: 33 daAuts
   Sewer: 27 daAuts
